Map: Pylon LE

Players

ManlyManMeat

  • Race: Zerg Zerg
  • League: Diamond
  • Spawn Location: 11:00

eMOdth - Winner!

  • Race: Protoss Protoss
  • Spawn Location: 5:00

VOD

Have the link to the VOD?

Description

Time

  • Played on: July 1, 2025, 6:48 a.m.
  • Length: 7:05
Show
View Real Time Build Order
Export as new Build Order

ManlyManMeat Zerg 

Build Orders: Hatch First 

Get SALT Encoding   

  12  0:00  Drone  
  13  0:08  Drone  
  14  0:15  Extractor  
  14  0:16  Drone  
  15  0:34  Overlord  
  15  0:44  Hatchery  
  14  0:52  Drone x2  
  16  0:59  Drone  
  17  1:07  Extractor  
  17  1:11  Spawning Pool  
  15  1:15  Drone  
  16  1:19  Drone  
  17  1:26  Drone  
  18  1:40  Drone  
  19  1:57  Queen  
  21  2:07  Queen  
  23  2:09  Zergling x2  
  25  2:15  Zergling x4  
  26  2:24  Overlord  
  26  2:33  Metabolic Boost  
  26  2:38  Drone x2  
  28  2:50  Drone  
  29  2:51  Drone x2  
  29  2:54  Spine Crawler  
  29  2:57  Spine Crawler  
  29  3:07  Drone  
  30  3:13  Drone x3  
  33  3:24  Hatchery  
  32  3:28  Drone x2  
  32  3:30  Drone  
  32  3:32  Drone  
  36  3:42  Overlord  
  36  3:43  Overlord  
  35  4:02  Drone x2  
  37  4:03  Drone x2  
  37  4:04  Spore Crawler  
  37  4:06  Spore Crawler  
  37  4:09  Queen  
  37  4:14  Drone x3  
  42  4:20  Baneling Nest  
  41  4:24  Drone x2  
  41  4:25  Drone, Extractor  
  41  4:26  Drone  
  41  4:28  Drone  
  41  4:29  Drone  
  46  4:36  Queen  
  48  4:42  Drone x3  
  48  4:45  Overlord  
  49  5:04  Zergling x8  
  49  5:05  Zergling x2, Drone  
  49  5:06  Zergling x2  
  49  5:07  Zergling x4  
  32  5:19  Zergling x12  
  36  5:35  Zergling x6  
  38  5:36  Zergling x2  
  39  5:49  Queen  
  25  6:07  Zergling x4  
  25  6:08  Zergling x4  
  29  6:15  Zergling x2  
  29  6:16  Zergling x2  
  31  6:39  Spawning Pool  
Show
View Real Time Build Order
Export as new Build Order

eMOdth Protoss - Winner!

Build Orders: Zealot Archon, Archon Drop, Dark Templar Rush 

Get SALT Encoding   

  1  0:00  Probe  
  12  0:05  Probe  
  14  0:21  Pylon  
  14  0:23  Probe  
  15  0:40  Gateway  
  15  0:42  Probe  
  16  0:46  Assimilator  
  16  0:54  Probe  
  16  0:55  Assimilator  
  17  1:06  Probe  
  18  1:13  Pylon  
  18  1:18  Probe  
  19  1:32  Pylon  
  19  1:34  Cybernetics Core  
  19  1:42  Pylon  
  19  1:56  Probe  
  20  2:01  Warp Gate  
  20  2:07  Pylon  
  20  2:10  Zealot  
  20  2:14  Probe  
  23  2:20  Twilight Council  
  23  2:25  Stalker  
  23  2:26  Probe  
  24  2:43  Probe  
  27  2:50  Robotics Facility  
  27  3:01  Dark Shrine  
  27  3:11  Gateway  
  27  3:23  Gateway  
  27  3:32  Gateway  
  27  3:38  Warp Prism  
  29  4:16  Dark Templar  
  29  4:17  Dark Templar x2  
  35  4:27  Dark Templar  
  37  4:34  Charge  
  37  4:49  Pylon  
  37  5:09  Archon  
  37  5:14  Zealot  
  37  5:15  Zealot x3  
  43  5:36  Dark Templar  
  43  5:40  Zealot  
  47  5:54  Dark Templar  
  47  5:56  Zealot  
  47  6:04  Nexus  
  47  6:08  Archon  
  47  6:16  Pylon  
  47  6:29  Pylon  
  47  6:36  Dark Templar  
  47  6:37  Zealot x3  
Tags
 
Composition
Zealot Archon
League
Diamond
Matchup
PvZ
Replay Pack
Myownreplay2
Spawn Locations
Cross Positions
Add a new tag
Caveats
  • Supply blocks, unpowered buildings, or Contaminate may cause inaccurate times.
  • Supply counts are checked every 10 seconds.